 Dungeon Crawl Stone Soup version 0.30-a0-743-gbfdf073431 (webtiles) character file.

Game seed: 10097354000276568368

82 jimonade the Sneak (level 4, -1/26 HPs)
             Began as a Vampire Brigand on Feb 6, 2023.
             Slain by an iguana (7 damage)
             ... on level 4 of the Dungeon.
             The game lasted 00:03:36 (2473 turns).

jimonade the Sneak (Vampire Brigand)                Turns: 2473, Time: 00:03:37

Health: -1/26      AC:  4    Str: 10    XL:     4   Next: 21%
Magic:  4/4        EV: 11    Int: 13    God:
Gold:   113        SH:  0    Dex: 17    Spells: 3/3 levels left

rFire   . . .      SeeInvis +    a - +0 short sword (speed)
rCold   + + .      Faith    .    (no shield)
rNeg    + + +      Spirit   .    w - +0 leather armour
rPois   ∞          Reflect  .    (no helmet)
rElec   .          Harm     .    x - +0 cloak
rCorr   +          Rampage  .    (no gloves)
Will    .....                    (no boots)
Stlth   ++++++                   h - amulet of the acrobat
HPRegen 0.00/turn                t - ring of resist corrosion
MPRegen 0.09/turn                (no ring)

@: bloodless, inhibited regen
A: bloodless, fangs 3, see invisible, vampiric 2
a: Bat Form, Revivify


You were on level 4 of the Dungeon.
You visited 1 branch of the dungeon, and saw 4 of its levels.

You collected 113 gold pieces.

Inventory:

Hand Weapons
 a - a +0 short sword of speed (weapon)
 b - a +1 rapier of freezing
 c - a +0 sling
 z - a +2 dagger
Missiles
 d - 9 poisoned darts (quivered)
 e - 3 curare-tipped darts
 n - 39 stones
 y - 2 throwing nets
 E - 6 javelins
Armour
 k - a +0 cloak
 m - a +0 robe
 w - a +0 leather armour (worn)
 x - a +0 cloak (worn)
 C - a +0 cloak
 D - a +0 chain mail
Jewellery
 h - an amulet of the acrobat (around neck)
 t - a ring of resist corrosion (left hand)
Scrolls
 f - 3 scrolls of fog {unknown}
 l - a scroll of poison {unknown}
 o - 3 scrolls of identify {unknown}
 r - a scroll of immolation {unknown}
 s - 3 scrolls of enchant armour {unknown}
 u - a scroll of teleportation {unknown}
 v - a scroll of blinking {unknown}
 B - a scroll of magic mapping {unknown}
 F - a scroll of torment {unknown}
Potions
 g - a potion of ambrosia {unknown}
 i - 2 potions of lignification {unknown}
 j - 3 potions of curing {unknown}
 p - a potion of flight {unknown}
 q - a potion of might
 A - a potion of berserk rage {unknown}


   Skills:
 + Level 2.1 Fighting
 * Level 3.0 Short Blades
 + Level 1.7 Throwing
 + Level 0.1 Armour
 + Level 1.4 Dodging
 + Level 7.6 Stealth


You had 3 spell levels left.
You didn't know any spells.
Your spell library contained the following spells:

 Spells                   Type           Power      Damage    Failure   Level
 Kiss of Death            Conj/Necr      0%         2d5       38%         1
 Confusing Touch          Hex            0%         N/A       77%         3
 Dispel Undead            Necr           0%         3d6       99%         4


Dungeon Overview and Level Annotations

Branches:
Dungeon (4/15)
 Temple: D:4-7

Altars:

Shops:
D:1 !(


Innate Abilities, Weirdness & Mutations

You do not regenerate when monsters are visible.
You are frail without blood (-20% HP).
You can heal yourself when you bite living creatures.
You are immune to poison.
You have razor-sharp teeth.
You have supernaturally acute eyesight. (SInv)
You are afflicted with vampirism and can become a bat while bloodless.


Message History

You see here a quokka corpse.
n - 39 stones (gained 9)
An endoplasm comes into view.
An endoplasm is nearby!
The endoplasm quivers.
The endoplasm freezes you.
You are frozen.
You resist.
You hit the endoplasm but do no damage. You bite the endoplasm.
The endoplasm is almost dead.
You hit the endoplasm.
You kill the endoplasm!
No target in view!
No target in view!
HP restored.
An iguana comes into view.
You see here 2 sedimented sapphire potions.
You hit the iguana but do no damage. You hit the iguana but do no damage.
The iguana bites you!
You barely miss the iguana. You barely miss the iguana.
Your bite misses the iguana. The iguana bites you!
You are too injured to fight recklessly!
You are too injured to fight recklessly!
You are too injured to fight recklessly!
You hit the iguana but do no damage. You barely miss the iguana.
You punch the iguana, but do no damage. You bite the iguana, but do no damage.
The iguana bites you.
* * * LOW HITPOINT WARNING * * *
You barely miss the iguana. You barely miss the iguana.
The iguana barely misses you.
You hit the iguana.
The iguana is lightly wounded.
You closely miss the iguana.
The iguana is lightly wounded.
The iguana barely misses you.
You hit the iguana but do no damage.
The iguana is lightly wounded.
You hit the iguana but do no damage.
The iguana is lightly wounded.
The iguana bites you!
You die...

### ###
#.###########?#
#.............#
#.###########!#
####.# #@#
.....# #l#
#####.....# #.#
.###.# #.# .#
..# .# ### ..
##


You could see an iguana.

Vanquished Creatures
  3 adders
  A worm (D:2)
  A dart slug (D:3)
  2 orcs
  3 bats
  4 endoplasms
  3 giant cockroaches
  5 goblins
  5 hobgoblins
  3 jackals (D:2)
  A quokka (D:4)
  6 ball pythons
  A frilled lizard (D:2)
  5 kobolds
  3 rats
46 creatures vanquished.

Notes
Turn   | Place    | Note
-------+----------+-------------------------------------------
     0 | D:1      | jimonade the Vampire Brigand began the quest for the Orb.
     0 | D:1      | Reached XP level 1. HP: 16/16 MP: 1/1
   191 | D:1      | Found Lijolir's Distillery.
   207 | D:1      | Reached skill level 6 in Stealth
   257 | D:1      | Found Huasm's Weapon Shop.
   409 | D:1      | You fall into a shaft and drop 1 floor!
   558 | D:2      | Reached XP level 2. HP: 17/17 MP: 2/2
  1028 | D:2      | Gained mutation: You are afflicted with vampirism and can
                  | become a bat while bloodless. [Vampire growth]
  1028 | D:2      | Reached XP level 3. HP: 21/21 MP: 3/3
  1493 | D:3      | Reached skill level 7 in Stealth
  2249 | D:4      | Reached XP level 4. HP: 26/26 MP: 4/4
  2473 | D:4      | Slain by an iguana

Illustrated notes

Levels and vault maps discovered:
D:1:      kennysheep_arrival_forest, layout_basic, serial_shops,
          nicolae_shop_crystal, nicolae_square_shop,
          nicolae_shop_hallway_stairs, shop_fountains
D:2:      layout_basic
D:3:      layout_loops_ring, chequers_jeans
D:4:      layout_basic, minmay_temple_entry_junction_2

Skill      XL: |  1  2  3  4 |
---------------+-------------+-----
Stealth        | 6 7 |  7.6
Fighting       | 2 |  2.1
Short Blades   | 3 |  3.0
Throwing       | |  1.7
Armour         | |  0.1
Dodging        | |  1.4

Action                     |  1- 3 |  4- 6 || total
---------------------------+-------+-------++-------
  Melee: Short sword       |   105 |    17 ||   122
         Bite              |     8 |     2 ||    10
         Dagger            |     1 |       ||     1
         Punch             |       |     1 ||     1
Ability: Exsanguinate      |     1 |       ||     1
   Stab: Sleeping          |    25 |     3 ||    28
 Armour: Robe              |     8 |       ||     8
         Leather armour    |     7 |       ||     7
  Dodge: Dodged            |    32 |     2 ||    34

Table legend: (Time is in decaauts)
 A = Elapsed time spent in this place.
 B = Non-inter-level travel time spent in this place.
 C = Inter-level travel time spent in this place.
 D = Time resting spent in this place.
 E = Time spent auto-exploring this place.
 F = Levels seen in this place.
 G = Mean time per level.
                   A        B        C        D        E       F      G
               +--------+--------+--------+--------+--------+-----+--------+
         Total |   2410 |   2283 |    127 |      0 |   1883 |   4 |  602.5 |
       Dungeon |   2410 |   2283 |    127 |      0 |   1883 |   4 |  602.5 |
               +--------+--------+--------+--------+--------+-----+--------+

Top non-repeatable levels by time:
     D:2: 983 daAuts
     D:3: 785 daAuts
     D:1: 400 daAuts
     D:4: 241 daAuts
